 Dungeon Crawl Stone Soup version 0.31-a0-925-g0a390f2509 (webtiles) character file.

Game seed: 5876215018741183551

7 Andrea171104 the Trooper (level 2, -6/19 HPs)
             Began as a Gargoyle Monk on Oct 19, 2023.
             Mangled by a gnoll
             ... wielding a +0 flail
              (10 damage)
             ... on level 2 of the Dungeon.
             The game lasted 00:02:26 (425 turns).

Andrea171104 the Trooper (Gargoyle Monk)             Turns: 425, Time: 00:02:28

Health: -6/19      AC:  6    Str: 14    XL:     2   Next: 4%
Magic:  2/2        EV: 12    Int: 10    God:
Gold:   66         SH:  0    Dex: 12    Spells: 1/1 levels left

rFire   . . .        a - +1 mace
rCold   . . .        d - orb {light}
rNeg    + . .        m - +0 leather armour
rPois   ∞            (no helmet)
rElec   +            (no cloak)
rCorr   .            (no gloves)
SInv    .            l - +0 pair of boots
Will    .....        (no amulet)
Stlth   +            g - ring of poison resistance
HPRegen 0.23/turn    (no ring)
MPRegen 0.08/turn

%: no passive effects
@: glowing
A: sickness immunity, AC +2, negative energy resistance 1, electricity
resistance, torment resistance 1, petrification resistance
a: no special abilities


You were on level 2 of the Dungeon.
You visited 1 branch of the dungeon, and saw 2 of its levels.

You collected 66 gold pieces.

Inventory:

Hand Weapons
 a - a +1 mace (weapon)
Armour
 b - a +0 robe
 d - an orb of light (worn)
 l - a +0 pair of boots (worn)
 m - a +0 leather armour (worn)
Jewellery
 g - a ring of poison resistance (left hand)
Scrolls
 f - a scroll of identify {unknown}
 h - a scroll of silence {unknown}
 j - a scroll of teleportation {unknown}
Potions
 c - a potion of ambrosia
 e - a potion of degeneration {unknown}
 i - a potion of mutation {unknown}
 k - a potion of heal wounds {unknown}


   Skills:
 + Level 3.5 Fighting
 + Level 3.1 Maces & Flails
 + Level 2.5 Dodging


You had one spell level left.
You didn't know any spells.
Your spell library contained the following spells:

 Spells                   Type           Power      Damage    Failure   Level
 Lesser Beckoning         Tloc           0%         N/A       58%         2
 Gell's Gravitas          Tloc           0%         N/A       82%         3
 Teleport Other           Tloc           0%         N/A       82%         3
 Iskenderun's Battlesphe  Conj           0%         2d6       100%        5
 Bombard                  Conj/Erth      0%         9d1       100%        6
 Spellforged Servitor     Conj/Summ      0%         N/A       100%        7


Dungeon Overview and Level Annotations

Branches:
Dungeon (2/15)

Altars:


Innate Abilities, Weirdness & Mutations

You are immune to sickness and miasma.
Your stone body is resilient. (AC +2)
You are immune to poison.
You resist negative energy. (rN+)
You are resistant to electric shocks. (rElec)
You are resistant to unholy torment.
You are immune to petrification.


Message History

You have reached level 2!
You see here a ball python corpse.
Found a beast talisman.
Found a leather armour.
You see here a beast talisman.
Found 7 gold pieces.
You see here a +0 leather armour.
m - a +0 leather armour You start removing your armour.
You continue taking off your +0 robe. x4
You finish taking off your +0 robe.
You start putting on your armour.
You continue putting on your +0 leather armour. x5
You finish putting on your +0 leather armour.
You now have 59 gold pieces (gained 7).
Found 7 gold pieces.
You now have 66 gold pieces (gained 7).
Found a stone staircase leading up. 2 gnolls come into view.
The gnoll shouts! x2; You hear a shout!
A gnoll comes into view. It is wielding a +0 flail.
Found a robe.
The gnoll shouts!
The gnoll hits you from afar with a +0 spear.
An endoplasm comes into view.
The endoplasm quivers.
The gnoll hits you with a +0 spear.
You hit the gnoll but do no damage. The gnoll hits you with a +0 spear!
The gnoll closely misses you.
You hit the gnoll.
The gnoll is moderately wounded.
The gnoll hits you with a +0 spear. The gnoll hits you with a +0 flail.
* * * LOW HITPOINT WARNING * * *
You sock the gnoll!
The gnoll is almost dead.
The gnoll hits you but does no damage. The gnoll closely misses you. x2
The gnoll barely misses you. The gnoll hits you with a +0 spear.
* * * LOW HITPOINT WARNING * * *
The gnoll hits you with a +0 flail!
Ouch! That really hurt!
You die...

##.......# #+
#...[....# #.
#........# ####.##
#........# .....<#
#........#
.##...##
#.^J.....#
.......# #ggg....#
.##...##### #@#
.##.......######.#
.####.###........#
.# #.# ##########
.####.# ......#
#######


You could see 3 gnolls and an endoplasm.

Vanquished Creatures
  An endoplasm (D:1)
  A goblin (D:1)
  2 ball pythons (D:2)
  3 bats (D:1)
  A frilled lizard (D:2)
8 creatures vanquished.

Notes
Turn   | Place    | Note
-------+----------+-------------------------------------------
     0 | D:1      | Andrea171104 the Gargoyle Monk began the quest for the Orb.
     0 | D:1      | Reached XP level 1. HP: 14/14 MP: 1/1
   186 | D:1      | Found a faded altar of an unknown god.
   332 | D:2      | Reached XP level 2. HP: 18/19 MP: 2/2
   425 | D:2      | Mangled by a gnoll

Illustrated notes

Levels and vault maps discovered:
D:1:      dreamdust_arrival_sigmund_warning, layout_loops_cross,
          shapermc_ecumenical_altar_notcrosses
D:2:      layout_loops_corners, kennysheep_small_spiral, uniq_natasha

Action                     || total
---------------------------++-------
  Melee: Mace              ||    23
    Use: Scroll            ||     1
 Armour: Robe              ||    17
         Leather armour    ||     8
  Dodge: Dodged            ||    23

Table legend: (Time is in decaauts)
 A = Elapsed time spent in this place.
 B = Non-inter-level travel time spent in this place.
 C = Inter-level travel time spent in this place.
 D = Time resting spent in this place.
 E = Time spent auto-exploring this place.
 F = Levels seen in this place.
 G = Mean time per level.
                   A        B        C        D        E       F      G
               +--------+--------+--------+--------+--------+-----+--------+
         Total |    437 |    433 |      4 |     35 |      0 |   2 |  218.5 |
       Dungeon |    437 |    433 |      4 |     35 |      0 |   2 |  218.5 |
               +--------+--------+--------+--------+--------+-----+--------+

Top non-repeatable levels by time:
     D:1: 300 daAuts
     D:2: 136 daAuts
